 Dungeon Crawl Stone Soup version 0.32-a0-932-g546787307d (webtiles) character file.

Game seed: 17452084695446120885

49 pedritolo the Magician (level 4, 0/33 HPs)
             Began as a Djinni Hexslinger on Apr 14, 2024.
             Slain by Sigmund
             ... wielding a +0 scythe
              (6 damage)
             ... on level 2 of the Dungeon.
             The game lasted 00:00:55 (824 turns).

pedritolo the Magician (Djinni Hexslinger)           Turns: 824, Time: 00:00:56

Health: 0/33       AC:  2    Str:  7    XL:     4   Next: 1%
Gold:   85         EV: 12    Int: 16    God:
                   SH:  0    Dex: 16

rFire   + + .        a - +1 sling
rCold   x . .        (no shield)
rNeg    . . .        c - +0 robe
rPois   ∞            (no helmet)
rElec   .            (no cloak)
rCorr   .            (no gloves)
SInv    .            (boots unavailable)
Will    .....        (no amulet)
Stlth   +            (no ring)
HPRegen 0.25/turn    (no ring)

%: infuse magic (-1 HP)
@: flying
A: sickness immunity, fire resistance 2, cold vulnerability 1, float, innate
caster, HP casting, extra vitality 1
a: no special abilities


You were on level 2 of the Dungeon.
You visited 1 branch of the dungeon, and saw 2 of its levels.

You collected 85 gold pieces.

Inventory:

Hand Weapons
 a - a +1 sling (weapon)
Armour
 c - a +0 robe (worn)
Scrolls
 b - a scroll of poison
 e - a scroll of enchant armour {unknown}
 f - 2 scrolls of noise {unknown}
 g - a scroll of identify {unknown}
 h - a scroll of fog {unknown}


   Skills:
 + Level 2.0 Fighting
 - Level 1.5 Ranged Weapons
 + Level 3.0 Dodging
 + Level 3.1 Spellcasting
 + Level 3.1 Conjurations
 + Level 3.1 Hexes
 + Level 3.1 Summonings
 + Level 3.1 Necromancy
 + Level 3.1 Translocations
 + Level 3.1 Fire Magic
 + Level 3.1 Ice Magic
 + Level 3.1 Air Magic
 + Level 3.1 Earth Magic
 + Level 3.1 Alchemy


You knew the following spells:

 Your Spells              Type           Power      Damage    Failure   Level
a - Jinxbite              Hex            24%        N/A       8%          2
b - Sigil of Binding      Hex            12%        N/A       16%         3
c - Inner Flame           Hex/Fire       12%        N/A       16%         3
d - Cause Fear            Hex            6%         N/A       45%         4
e - Dimensional Bullseye  Hex/Tloc       6%         N/A       45%         4
f - Sting                 Conj/Alch      48%        1d6       5%          1
Your spell library was empty.

Dungeon Overview and Level Annotations

Branches:
Dungeon (2/15)

Altars:

Annotations:
D:2 Sigmund


Innate Abilities, Weirdness & Mutations

You are immune to sickness and miasma.
You are immune to poison.
Your flesh is very heat resistant. (rF++)
You are vulnerable to cold. (rC-)
You float through the air rather than walking.
You learn spells naturally, not from books.
Your magical power is your life essence.
You have superior vitality. (+4 MHP)


Message History

You feel your willpower return.
You start resting.
HP restored.
Things that are here:
a +0 dagger; a +0 robe
Found 4 poisoned darts.
You now have 85 gold pieces (gained 10).
Sigmund and a frilled lizard come into view.
Found a war axe.
Sigmund shouts!
The frilled lizard hisses angrily.
Sigmund casts a spell at you. The puff of flame hits you. You resist.
Unknown command.
A ball python comes into view.
The ball python hisses angrily.
Casting: Jinxbite (safe; 8% risk of failure)
Confirm with . or Enter, or press ? or * to list all spells.
You miscast Jinxbite.
You are very lightly contaminated with residual magic.
Nothing appears to happen.
Unknown command.
You shoot a sling bullet.
The sling bullet closely misses the ball python.
The sling bullet hits the frilled lizard but does no damage.
You shoot a sling bullet. The sling bullet hits the ball python.
You kill the ball python!
Sigmund gestures wildly while chanting.
Sigmund flickers and vanishes!
Deactivating autopickup; reactivate with Ctrl-A.
You shoot a sling bullet.
The sling bullet closely misses the frilled lizard.
You shoot a sling bullet.
The sling bullet closely misses the frilled lizard.
The frilled lizard bites you but does no damage.
The frilled lizard closely misses you.
You shoot a sling bullet.
The sling bullet hits the frilled lizard but does no damage.
Something hits you!
The frilled lizard bites you but does no damage.
You shoot a sling bullet.
The sling bullet barely misses the frilled lizard.
The frilled lizard barely misses you. Something hits you!
* * * LOW HITPOINT WARNING * * *
Your magical contamination has completely faded away.
The frilled lizard attacks as it pursues you!
The frilled lizard closely misses you.
The frilled lizard attacks as it pursues you!
The frilled lizard bites you but does no damage.
Something hits you!
* * * LOW HITPOINT WARNING * * *
The frilled lizard attacks as it pursues you!
The frilled lizard barely misses you.
The frilled lizard attacks as it pursues you!
The frilled lizard closely misses you.
The frilled lizard attacks as it pursues you!
The frilled lizard misses you.
The frilled lizard attacks as it pursues you!
The frilled lizard bites you.
* * * LOW HITPOINT WARNING * * *
It was a potion of ambrosia.
You are confused.
You feel invigorated. The frilled lizard bites you.
* * * LOW HITPOINT WARNING * * *
You clumsily bash the frilled lizard but do no damage.
Something hits you.
* * * LOW HITPOINT WARNING * * *
The frilled lizard unfolds its giant frill.
The frilled lizard closely misses you. The frilled lizard bites you.
* * * LOW HITPOINT WARNING * * *
You bump into the rock wall.
You feel less invigorated.
You feel less confused. Something hits you.
* * * LOW HITPOINT WARNING * * *
Something hits you but does no damage.
The frilled lizard hisses.
The frilled lizard attacks as it pursues you!
The frilled lizard closely misses you.
The frilled lizard attacks as it pursues you!
The frilled lizard bites you but does no damage.
Things that are here:
a +0 dagger; a +0 robe Something hits you!
* * * LOW HITPOINT WARNING * * *
The frilled lizard attacks as it pursues you!
The frilled lizard closely misses you.
The frilled lizard attacks as it pursues you!
The frilled lizard bites you.
* * * LOW HITPOINT WARNING * * *
The frilled lizard attacks as it pursues you!
The frilled lizard misses you.
The frilled lizard attacks as it pursues you!
The frilled lizard bites you.
* * * LOW HITPOINT WARNING * * *
The frilled lizard attacks as it pursues you!
The frilled lizard bites you but does no damage.
The frilled lizard unfolds its giant frill.
The frilled lizard attacks as it pursues you!
The frilled lizard misses you. Something hits you.
You die...

#.# #.# ..###########
#.# #<.....<....# #.#
..#########.# #.# #.#
#.# #.# #.#
#.#################)#
#.....@l............#
#####################


You could see a frilled lizard.

Vanquished Creatures
  Jessica (D:2)
  A dart slug (D:1)
  2 ball pythons (D:1 D:2)
  2 bats (D:1)
  An endoplasm (D:1)
  2 giant cockroaches (D:1)
  2 goblins (D:1)
  3 kobolds (D:1)
  A quokka (D:1)
  4 frilled lizards (D:1)
19 creatures vanquished.

Notes
Turn   | Place    | Note
-------+----------+-------------------------------------------
     0 | D:1      | pedritolo the Djinni Hexslinger began the quest for the
                  | Orb.
     0 | D:1      | pedritolo set off with the following spells memorised:
                  | Jinxbite, Sigil of Binding, Inner Flame, Cause Fear,
                  | Dimensional Bullseye.
     0 | D:1      | Reached XP level 1. HP: 17/17 MP: 0/0
    98 | D:1      | Reached XP level 2. HP: 22/22 MP: 0/0
   371 | D:1      | Reached XP level 3. HP: 28/28 MP: 0/0
   371 | D:1      | Learned a level 1 spell: Sting
   653 | D:2      | Noticed Jessica
   659 | D:2      | Killed Jessica
   660 | D:2      | Reached XP level 4. HP: 14/33 MP: 0/0
   769 | D:2      | Noticed Sigmund
   797 | D:2      | HP: 1/33 [frilled lizard (2)]
   824 | D:2      | Slain by Sigmund

Illustrated notes

Levels and vault maps discovered:
D:1:      amcnicky_arrival_underground_garden, layout_basic,
          chequers_decorated_corner
D:2:      layout_loops_ring, ebering_ecumenical_altar_hall, serial_shops, shop,
          uniq_jessica, uniq_sigmund, uniq_robin

Skill      XL: |  1  2  3 |
---------------+----------+-----
Fighting       | 2 |  2.0
Dodging        | 3 |  3.0
Spellcasting   | 3 |  3.1
Conjurations   | 3 |  3.1
Hexes          | 3 |  3.1
Summonings     | 3 |  3.1
Necromancy     | 3 |  3.1
Translocations | 3 |  3.1
Fire Magic     | 3 |  3.1
Ice Magic      | 3 |  3.1
Air Magic      | 3 |  3.1
Earth Magic    | 3 |  3.1
Alchemy        | 3 |  3.1
Ranged Weapons | |  1.5

Action                     |  1- 3 |  4- 6 || total
---------------------------+-------+-------++-------
  Melee: Sling             |       |     1 ||     1
   Fire: Sling             |    35 |     6 ||    41
   Cast: Jinxbite          |     1 |       ||     1
    Use: Potion            |       |     1 ||     1
 Armour: Robe              |     4 |    19 ||    23
  Dodge: Dodged            |     6 |    11 ||    17

Table legend: (Time is in decaauts)
 A = Elapsed time spent in this place.
 B = Non-inter-level travel time spent in this place.
 C = Inter-level travel time spent in this place.
 D = Time resting spent in this place.
 E = Time spent auto-exploring this place.
 F = Levels seen in this place.
 G = Mean time per level.
                   A        B        C        D        E       F      G
               +--------+--------+--------+--------+--------+-----+--------+
         Total |    837 |    818 |     19 |     74 |    601 |   2 |  418.5 |
       Dungeon |    837 |    818 |     19 |     74 |    601 |   2 |  418.5 |
               +--------+--------+--------+--------+--------+-----+--------+

Top non-repeatable levels by time:
     D:1: 636 daAuts
     D:2: 200 daAuts
